 Dungeon Crawl Stone Soup version 0.23-a0-419-g0174fd80c1 (webtiles) character file.

92857 Trappist the Severer (level 15, -10/122 HPs)
             Began as a Minotaur Fighter on Nov 13, 2018.
             Was the Champion of Okawaru.
             Killed from afar by a deep elf knight (34 damage)
             ... with a shard of ice
             ... on level 1 of the Elven Halls.
             The game lasted 00:47:00 (21903 turns).

Trappist the Severer (Minotaur Fighter)            Turns: 21903, Time: 00:47:01

Health: -10/122    AC: 27    Str: 28      XL:     15   Next: 59%
Magic:  0/19       EV: 16    Int:  4 (5)  God:    Okawaru [******]
Gold:   1567       SH: 15    Dex: 12      Spells: 14/14 levels left

rFire    . . .     SeeInvis +   F - +4 broad axe (chop)
rCold    . . .     Gourm    .   c - +1 shield
rNeg     + + .     Faith    .   O - +4 plate armour of Hontec {*Drain rN++ Str+3}
rPois    .         Spirit   +   H - +2 hat {SInv}
rElec    .         Reflect  .   B - scarf {Spirit}
rCorr    .         Harm     .   N - +2 pair of gloves {archery}
MR       +....                  (no boots)
Stlth    ..........             i - amulet of the acrobat (curse)
HPRegen  0.30/turn              t - +3 ring of evasion
MPRegen  0.16/turn              I - ring of stealth

@: slowed, very slow
A: retaliatory headbutt, horns 2, molten scales 1, see invisible, frail 1,
subdued magic 1
a: Heroism, Finesse, Renounce Religion


You were on level 1 of the Elven Halls.
You worshipped Okawaru.
Okawaru was exalted by your worship.
You were not hungry.

You visited 5 branches of the dungeon, and saw 24 of its levels.
You also visited: Volcano.

You collected 2488 gold pieces.
You spent 921 gold pieces at shops.

Inventory:

Hand Weapons
 o - a +4 broad axe of freezing
 F - a +4 broad axe of chopping (weapon)
 V - a +4 flail of protection
Missiles
 a - 548 arrows
Armour
 c - a +1 shield (worn)
 d - a scarf of repulsion
 e - a +4 plate armour
 w - a +2 cloak
 B - a scarf of spirit shield (worn)
 H - a +2 hat of see invisible (worn)
 N - a +2 pair of gloves of archery (worn)
 O - the +4 plate armour of Hontec (worn) {*Drain rN++ Str+3}
   (You found it on level 14 of the Dungeon)

   It affects your strength (+3).
   It greatly protects you from negative energy.
   It causes draining when unequipped.
Jewellery
 i - a cursed amulet of the acrobat (around neck)
 t - a +3 ring of evasion (left hand)
 I - a ring of stealth (right hand)
 P - an uncursed ring of fire
Wands
 j - a wand of acid (9)
 x - a wand of iceblast (20)
 y - a wand of flame (61)
 A - a wand of paralysis (12)
 C - a wand of disintegration (21)
 D - a wand of random effects (18)
 L - a wand of enslavement (24)
 M - a wand of polymorph (9)
 S - a wand of digging (13)
Scrolls
 g - 4 scrolls of immolation
 m - 6 scrolls of teleportation
 r - 4 scrolls of magic mapping
 u - 9 scrolls of remove curse
 E - 6 scrolls of fog
 G - 5 scrolls of identify
 J - 2 scrolls of blinking
 T - a scroll of fear
Potions
 b - 2 potions of magic
 h - a potion of berserk rage
 k - 5 potions of lignification
 l - 2 potions of brilliance
 n - 10 potions of curing
 p - a potion of resistance
 q - 6 potions of flight
 s - 6 potions of agility
 v - 3 potions of might
 z - 2 potions of cancellation
 K - a potion of heal wounds
 Q - a potion of haste
 W - a potion of ambrosia
Miscellaneous
 R - a lightning rod (4/4)
Comestibles
 f - 45 rations


   Skills:
 + Level 13.5 Fighting
 * Level 17.9 Axes
 + Level 13.6 Armour
 + Level 12.0 Dodging
 + Level 13.5 Shields
 - Level 7.5 Invocations


You had 14 spell levels left.
You didn't know any spells.
Your spell library contained the following spells:

 Spells                   Type           Power        Failure   Level  Hunger
 Animate Skeleton         Necr           N/A          99%         1    ##.....
 Confusing Touch          Hex            #.....       99%         1    ##.....
 Sandblast                Erth           #.....       99%         1    ##.....
 Summon Butterflies       Summ           #.......     99%         1    ##.....
 Passwall                 Tmut/Erth      #.......     99%         2    ###....
 Poisonous Vapours        Pois/Air       #.....       99%         2    ###....
 Call Canine Familiar     Summ           #.......     100%        3    ####...
 Confuse                  Hex            #.......     100%        3    ####...
 Conjure Flame            Conj/Fire      #.......     100%        3    ####...
 Gell's Gravitas          Tloc           #.........   100%        3    ####...
 Mephitic Cloud           Conj/Pois/Air  #.......     100%        3    ####...
 Stone Arrow              Conj/Erth      #.....       100%        3    ####...
 Petrify                  Tmut/Erth      #.......     100%        4    #####..
 Summon Ice Beast         Ice/Summ       #.......     100%        4    #####..
 Summon Lightning Spire   Summ/Air       #.......     100%        4    #####..
 Agony                    Necr           #.......     100%        5    ######.
 Borgnjor's Vile Clutch   Necr/Erth      #.........   100%        5    ######.
 Excruciating Wounds      Chrm/Necr      #.........   100%        5    ######.
 Irradiate                Conj/Tmut      #.........   100%        5    ######.
 Lee's Rapid Deconstruct  Erth           #.........   100%        5    ######.
 Metabolic Englaciation   Hex/Ice        #.........   100%        5    ######.
 Silence                  Hex/Air        #.........   100%        5    ######.
 Summon Mana Viper        Hex/Summ       #.......     100%        5    ######.
 Yara's Violent Unravell  Hex/Tmut       #.........   100%        5    ######.
 Conjure Ball Lightning   Conj/Air       #.........   100%        6    #######
 Deflect Missiles         Chrm/Air       #.........   100%        6    #######
 Freezing Cloud           Conj/Ice/Air   #.........   100%        6    #######
 Hydra Form               Tmut           #.........   100%        6    #######
 Iron Shot                Conj/Erth      #.........   100%        6    #######
 Statue Form              Tmut/Erth      #........    100%        6    #######
 Dragon Form              Tmut           #.........   100%        7    #######
 Ring of Flames           Chrm/Fire      #.........   100%        7    #######
 Summon Hydra             Summ           #.........   100%        7    #######
 Tornado                  Air            #.........   100%        9    #######


Dungeon Overview and Level Annotations

Branches:
Dungeon (14/15)            Temple (1/1) D:4            Lair (6/6) D:9
  Swamp (0/4) Lair:4       Spider (0/4) Lair:3        Slime (0/5) Lair:5
    Orc (2/2) D:10            Elf (1/3) Orc:2        Vaults (0/5) D:14

Altars:
Ashenzari
Cheibriados
Dithmenos
Elyvilon
Fedhas
Gozag
Hepliaklqana
Kikubaaqudgha
Makhleb
Nemelex Xobeh
Okawaru
Qazlal
Ru
Sif Muna
Trog
Uskayaw
Vehumet
Wu Jian
Xom
Yredelemnul
Zin
The Shining One
Beogh
Jiyva

Shops:
D:12 :   Orc:2 *=[(   Elf:1 !

Annotations:
D:9 2 transporters


Innate Abilities, Weirdness & Mutations

You reflexively headbutt those who attack you in melee.
You have a pair of horns on your head.
You are partially covered in molten scales. (AC +2)
You have supernaturally acute eyesight. (SInv)
You are frail. (-10% HP)
Your spells are a little easier to cast, but a little less powerful.


Message History

You resist with some effort.
The deep elf knight hits you but does no damage.
The deep elf mage misses you. You furiously retaliate!
You headbutt the deep elf mage!
The deep elf knight points at you and mumbles some strange words.
The shard of ice misses you.
The shard of ice hits the deep elf mage.
The deep elf mage dies!
Items here: ( ))) / [ You miss the deep elf knight.
The deep elf knight is moderately wounded.
You block the deep elf knight's attack.
The deep elf knight gestures wildly while chanting.
The deep elf knight seems to speed up.
Unknown command.
You barely miss the deep elf knight. You headbutt the deep elf knight!
The deep elf knight is heavily wounded.
The deep elf knight gestures at you while chanting.
The shard of ice hits you!
You die...

...# #..#... ..## ##
#..### #....#.....##..
#..... #......#...#...
#..... #.........'...
#.>### #.........'.
#..### #....e#...#
#...## #.........#
#..#..
#.#)))@e.#########..##.
##...())..##...)....##..
#....).(.###...)).###..#
#(.#..(.#.#....)...#...#
#.....####.....#..>....#
#.(#### ##)...##........
#.(# ##.)).###.......#
#..#####..#........>...#
#........#######.......#


You could see 2 deep elf knights.

Vanquished Creatures
  Agnes (D:14)
  Roxanne (Elf:1)
  An orc warlord (Orc:2)
  Nessos (D:12)
  A deep elf demonologist (Elf:1)
  Snorg (D:13)
  Josephine (D:13)
  A fire dragon (Volcano)
  Fannar (Lair:1)
  Erolcha (Orc:1)
  A vault guard (D:14)
  5 hydras
  3 centaur warriors (D:13)
  Erica (Orc:1)
  4 two-headed ogres
  A dancing weapon (Elf:1)
  A hell hog (Volcano)
  An orc high priest (Orc:2)
  Nergalle (Lair:1)
  2 unseen horrors (D:11)
  A lindwurm (D:14)
  4 deep elf archers (Elf:1)
  3 orc knights (Orc:2)
  An ugly thing (D:13)
  An oklob plant (Lair:4)
  4 manticores
  5 orc sorcerers (Orc:2)
  28 deep elf magi (Elf:1)
  3 cyclopes
  3 black mambas
  5 elephants
  Psyche (D:12)
  2 gargoyles
  2 molten gargoyles (Volcano)
  3 torpor snails
  9 spiny frogs
  A spiny frog (shapeshifter) (D:14)
  3 komodo dragons
  A kobold demonologist (D:12)
  A queen bee (Lair:4)
  6 trolls
  6 meliai
  7 hornets
  2 polar bears (Lair:6)
  Grinder (D:3)
  10 hippogriffs
  18 blink frogs
  4 dream sheep (Lair:4)
  2 water elementals (Elf:1)
  Eustachio (D:4)
  3 wyverns
  A fire elemental (Elf:1)
  5 wraiths (D:13)
  Sigmund (D:2)
  14 spriggans (Lair:6)
  A human (D:10)
  3 hogs (D:10)
  3 fire bats (Lair:1)
  5 basilisks
  45 yaks
  A steam dragon (D:9)
  2 hungry ghosts
  Grum (D:9)
  2 wargs
  A soldier ant (D:13)
  9 water moccasins
  10 porcupines
  4 hell hounds (Volcano)
  Duvessa (D:4)
  23 orc warriors
  9 black bears
  7 ice beasts
  5 ogres
  5 sky beasts
  5 phantoms
  5 necrophages (D:8)
  4 boggarts (Lair:6)
  31 wolves
  16 centaurs
  9 crocodiles
  5 big kobolds
  8 bullfrogs
  An earth elemental (Elf:1)
  2 scorpions (D:6)
  A wyvern skeleton (D:8)
  Dowan (D:4)
  20 killer bees (Lair:4)
  6 wights
  2 electric eels (Lair:4)
  7 howler monkeys
  2 bullfrog zombies (D:8)
  12 crimson imps
  2 quasits
  2 centaur zombies
  3 jellies
  2 centaur skeletons
  11 hounds
  2 bullfrog skeletons
  16 orc priests
  25 orc wizards
  Crazy Yiuf (D:7)
  7 iguanas
  17 worker ants
  A hound zombie (D:9)
  A hound skeleton (D:4)
  A howler monkey zombie (D:8)
  2 worker ant zombies (D:8)
  12 adders
  2 shadow imps
  2 oozes (D:3)
  An adder zombie (D:8)
  An adder skeleton (D:9)
  4 worms
  4 dart slugs
  9 leopard geckos
  77 orcs
  A ball python (D:6)
  2 giant cockroaches
  12 goblins
  7 hobgoblins
  4 jackals (D:6)
  4 quokkas
  8 bats
  5 frilled lizards
  A giant cockroach zombie (D:5)
  A jackal skeleton (D:5)
  25 kobolds
  A leopard gecko skeleton (D:4)
  A quokka zombie (D:6)
  6 rats
  A bush (D:8)
  A fungus (Lair:4)
  4 plants
755 creatures vanquished.

Vanquished Creatures (others)
  A deep elf mage (Elf:1)
  2 orc wizards
  4 fungi
7 creatures vanquished.

Grand Total: 762 creatures vanquished

Notes
Turn   | Place    | Note
-------+----------+-------------------------------------------
     0 | D:1      | Trappist the Minotaur Fighter began the quest for the Orb.
     0 | D:1      | Reached XP level 1. HP: 19/19 MP: 0/0
   130 | D:1      | Reached XP level 2. HP: 19/27 MP: 1/1
   280 | D:1      | Reached skill level 3 in Axes
   283 | D:1      | Reached skill level 1 in Dodging
   402 | D:2      | Noticed Sigmund
   410 | D:2      | Killed Sigmund
   410 | D:2      | Reached skill level 4 in Axes
   410 | D:2      | Reached XP level 3. HP: 11/34 MP: 2/2
   410 | D:2      | Reached XP level 4. HP: 13/41 MP: 3/3
   410 | D:2      | Reached XP level 5. HP: 15/47 MP: 4/4
   965 | D:2      | Found a deep blue altar of Sif Muna.
  1081 | D:3      | Found a basalt altar of Yredelemnul.
  1300 | D:3      | Found a stormy altar of Qazlal.
  1310 | D:3      | Reached XP level 6. HP: 39/53 MP: 5/5
  1681 | D:3      | Found a glowing silver altar of Zin.
  1695 | D:3      | Found an opulent altar of Gozag.
  2066 | D:3      | Noticed Grinder
  2088 | D:3      | Killed Grinder
  2088 | D:3      | Reached skill level 5 in Fighting
  2088 | D:3      | Reached skill level 5 in Axes
  2088 | D:3      | Reached skill level 5 in Armour
  2088 | D:3      | Reached skill level 5 in Shields
  2480 | D:4      | Reached XP level 7. HP: 56/61 MP: 6/6
  2547 | D:4      | Noticed Eustachio
  2564 | D:4      | Killed Eustachio
  2564 | D:4      | Reached skill level 6 in Axes
  2708 | D:4      | Noticed Duvessa
  2708 | D:4      | Noticed Dowan
  2714 | D:4      | Killed Dowan
  2718 | D:4      | Killed Duvessa
  2755 | D:4      | Gained mutation: You have supernaturally acute eyesight.
                  | (SInv) [potion of mutation]
  2755 | D:4      | Gained mutation: Your spells are a little easier to cast,
                  | but a little less powerful. [potion of mutation]
  2755 | D:4      | Gained mutation: You are partially covered in molten
                  | scales. (AC +2) [potion of mutation]
  2818 | D:4      | Found a sparkling altar of Nemelex Xobeh.
  2838 | D:4      | Reached XP level 8. HP: 70/70 MP: 7/7
  2851 | D:4      | Found a staircase to the Ecumenical Temple.
  2861 | Temple   | Entered the Ecumenical Temple
  3048 | Temple   | Became a worshipper of Warmaster Okawaru
  3181 | D:4      | Reached skill level 7 in Axes
  3264 | D:5      | Entered Level 5 of the Dungeon
  3311 | D:5      | Reached * piety under Okawaru
  3495 | D:5      | Found an ancient bone altar of Kikubaaqudgha.
  3749 | D:5      | Reached skill level 8 in Axes
  3800 | D:5      | Found a glowing golden altar of the Shining One.
  4038 | D:6      | Reached ** piety under Okawaru
  4096 | D:6      | Reached skill level 5 in Dodging
  4096 | D:6      | Reached XP level 9. HP: 69/78 MP: 8/8
  4223 | D:6      | Found a white marble altar of Elyvilon.
  4512 | D:6      | Reached skill level 9 in Axes
  4621 | D:6      | Found a deep blue altar of Sif Muna.
  4963 | D:7      | Found a runed door.
  4967 | D:7      | Noticed Crazy Yiuf
  4971 | D:7      | Killed Crazy Yiuf
  5025 | D:7      | Reached *** piety under Okawaru
  5422 | D:7      | Reached skill level 10 in Axes
  5444 | D:7      | Found a deep blue altar of Sif Muna.
  5513 | D:8      | Found a sacrificial altar of Ru.
  5605 | D:8      | Found a blossoming altar of Fedhas.
  5732 | D:8      | Noticed a gargoyle
  5747 | D:8      | Killed a gargoyle
  5747 | D:8      | Reached XP level 10. HP: 71/88 MP: 6/9
  5847 | D:8      | Reached skill level 1 in Invocations
  5854 | D:8      | Reached **** piety under Okawaru
  6446 | D:9      | Noticed a two-headed ogre
  6452 | D:9      | Killed a two-headed ogre
  6452 | D:9      | Reached skill level 11 in Axes
  6529 | D:9      | Found a staircase to the Lair.
  6533 | D:9      | Reached ***** piety under Okawaru
  6553 | D:9      | Received a gift from Okawaru
  6572 | D:9      | Noticed an elephant
  6582 | D:9      | Killed an elephant
  6723 | D:9      | Found a transporter.
  6726 | D:9      | Noticed an orc high priest
  6727 | D:9      | Noticed a deep elf knight
  6756 | D:9      | Found a transporter.
  6759 | D:9      | Noticed a two-headed ogre
  6767 | D:9      | Killed a two-headed ogre
  6959 | D:9      | Reached XP level 11. HP: 95/95 MP: 12/12
  7104 | D:9      | Noticed Grum
  7119 | D:9      | Killed Grum
  7429 | D:10     | Entered Level 10 of the Dungeon
  7514 | D:10     | Found a staircase to the Orcish Mines.
  7551 | D:10     | Received a gift from Okawaru
  7724 | D:10     | Reached skill level 12 in Axes
  8421 | D:11     | Noticed an unseen horror
  8430 | D:11     | Killed an unseen horror
  8615 | D:11     | Noticed a two-headed ogre
  8621 | D:11     | Killed a two-headed ogre
  9016 | D:11     | Noticed an unseen horror
  9020 | D:11     | Killed an unseen horror
  9020 | D:11     | Received a gift from Okawaru
  9148 | D:11     | Found a glowing silver altar of Zin.
  9294 | D:12     | Reached skill level 10 in Shields
  9336 | D:12     | Reached skill level 13 in Axes
  9369 | D:12     | Found Erumiewo's Book Emporium.
  9374 | D:12     | Reached skill level 10 in Armour
  9374 | D:12     | Reached skill level 10 in Fighting
  9377 | D:12     | Reached XP level 12. HP: 100/104 MP: 12/14
  9382 | D:12     | Reached skill level 5 in Invocations
  9436 | D:12     | Noticed Psyche
  9442 | D:12     | Killed Psyche
  9444 | D:12     | Noticed a four-headed hydra
  9449 | D:12     | Killed a one-headed hydra
  9465 | D:12     | Noticed an eight-headed hydra
  9472 | D:12     | Killed a five-headed hydra
  9483 | D:12     | Reached ****** piety under Okawaru
  9483 | D:12     | Received a gift from Okawaru
  9922 | D:12     | Noticed Nessos
  9956 | D:12     | Killed Nessos
 10908 | D:13     | Noticed Josephine
 10910 | D:13     | Noticed a centaur warrior
 10921 | D:13     | Killed Josephine
 10923 | D:13     | Reached skill level 14 in Axes
 10925 | D:13     | Killed a centaur warrior
 11008 | D:13     | Noticed a two-headed ogre
 11015 | D:13     | Killed a two-headed ogre
 11062 | D:13     | Found a stormy altar of Qazlal.
 11117 | D:13     | Noticed Snorg
 11129 | D:13     | Reached XP level 13. HP: 67/116 MP: 7/16
 11139 | D:13     | Killed Snorg
 11613 | D:13     | Received a gift from Okawaru
 12141 | D:14     | Identified Sif Muna's Reference Book on Ashen Evil Arts
 12215 | D:14     | Noticed Agnes
 12244 | D:14     | Killed Agnes
 12709 | D:14     | Found a gate to the Vaults.
 12889 | D:14     | Got a jewelled plate armour
 12900 | D:14     | Identified the +4 plate armour of Hontec {*Drain rN++
                  | Str+3} (You found it on level 14 of the Dungeon)
 13243 | Lair:1   | Entered Level 1 of the Lair of Beasts
 13252 | Lair:1   | Noticed Nergalle
 13260 | Lair:1   | Killed Nergalle
 13260 | Lair:1   | Reached skill level 10 in Dodging
 13303 | Lair:1   | Found a dark tunnel.
 13312 | Volcano  | Entered a volcano
 13366 | Volcano  | Found a bloodstained altar of Trog.
 13552 | Volcano  | Noticed a fire dragon
 13560 | Volcano  | Killed a fire dragon
 13560 | Volcano  | Reached skill level 15 in Axes
 13889 | Lair:1   | Received a gift from Okawaru
 13987 | Lair:1   | Noticed Fannar
 14011 | Lair:1   | Killed Fannar
 15304 | Lair:3   | Found a hole to the Spider Nest.
 15898 | Lair:4   | Found a staircase to the Swamp.
 15912 | Lair:4   | Reached XP level 14. HP: 111/125 MP: 15/18
 16441 | Lair:4   | Received a gift from Okawaru
 17062 | Lair:4   | Reached skill level 16 in Axes
 17637 | Lair:5   | Found a viscous altar of Jiyva.
 17637 | Lair:5   | Found a staircase to the Slime Pits.
 18121 | Lair:6   | Entered Level 6 of the Lair of Beasts
 18351 | Lair:6   | Got a warped chain mail
 18352 | Lair:6   | Identified the +1 chain mail of Decompression {Dex+5} (You
                  | found it on level 6 of the Lair of Beasts)
 19266 | Orc:1    | Entered Level 1 of the Orcish Mines
 19276 | Orc:1    | Noticed Erolcha
 19291 | Orc:1    | Killed Erolcha
 19302 | Orc:1    | Received a gift from Okawaru
 19323 | Orc:1    | Found a bloodstained altar of Trog.
 19534 | Orc:2    | Entered Level 2 of the Orcish Mines
 19573 | Orc:1    | Noticed Erica
 19584 | Orc:1    | Killed Erica
 19584 | Orc:1    | Reached skill level 17 in Axes
 19830 | Orc:2    | Found a staircase to the Elven Halls.
 19910 | Orc:2    | Reached XP level 15. HP: 59/134 MP: 9/19
 19914 | Orc:2    | Noticed an orc warlord
 19925 | Orc:2    | Found a roughly hewn altar of Beogh.
 19934 | Orc:2    | Killed an orc warlord
 20288 | Orc:2    | Found Wuaxocy's Jewellery Shoppe.
 20325 | Orc:2    | Found Haotuahe's General Store.
 20378 | Orc:2    | Found Wepreir's Antique Armour Shoppe.
 20384 | Orc:2    | Bought a pair of glowing gloves for 217 gold pieces
 20509 | Orc:2    | Found Voudogim's Antique Weapon Shoppe.
 20870 | Elf:1    | Entered Level 1 of the Elven Halls
 20991 | Elf:1    | Received a gift from Okawaru
 21222 | Elf:1    | Found Rusunwa's Distillery.
 21225 | Elf:1    | Bought a potion of agility for 64 gold pieces
 21225 | Elf:1    | Bought 2 potions of curing for 96 gold pieces
 21225 | Elf:1    | Bought a potion of curing for 48 gold pieces
 21225 | Elf:1    | Bought a potion of heal wounds for 80 gold pieces
 21225 | Elf:1    | Bought 2 potions of curing for 96 gold pieces
 21225 | Elf:1    | Bought a potion of magic for 128 gold pieces
 21225 | Elf:1    | Bought a potion of agility for 64 gold pieces
 21225 | Elf:1    | Bought a potion of ambrosia for 128 gold pieces
 21270 | Elf:1    | Identified Roxanne's Reference Book on Clay
 21270 | Elf:1    | Noticed Roxanne
 21293 | Elf:1    | Killed Roxanne
 21879 | Elf:1    | Noticed a Brimstone Fiend
 21897 | Elf:1    | Gained mutation: You are frail. (-10% HP) [a neqoxec]
 21903 | Elf:1    | Killed from afar by a deep elf knight

Vault maps used:
D:1:      dpeg_arrival_tiny_k
D:2:      lemuel_round_altar, uniq_sigmund
D:3:      grunt_temple_overflow_gold_and_silver, old_standard_altar,
          lemuel_round_altar, uniq_grinder
D:4:      minmay_temple_entry_poolview, first_ration,
          nemelex_lonely_heart_becter, uniq_eustachio, uniq_duvessa
D:5:      nicolae_tso_swordbearing_angel, lemuel_round_altar
D:6:      minmay_opposing_rooms, marbit_many_paths, led_sif_book
D:7:      kennysheep_orc_sif_temple, uniq_crazy_yiuf_cottage
D:8:      overflow_temple_1_default, fedhas_altar_decomposition
D:9:      gammafunk_wand_slinger, david_lair_generic, uniq_grum
D:10:     orc_0_dummy, grunt_livestock, kennysheep_decorative_pillar,
          kennysheep_generic_room_13
D:11:     basic_altar
D:12:     serial_shops, shop, uniq_psyche, uniq_nessos
D:13:     basic_altar, uniq_snorg, uniq_josephine
D:14:     david_vaults_4, serial_glass, glass_columns_c, glass_columns_c,
          due_unseen_surprise, uniq_agnes
Temple:   minmay_temple_bridge_abc
Lair:1:   nicolae_volcano_entry_batcave, uniq_nergalle, uniq_fannar
Lair:2:   infiniplex_staircase_pool_2
Lair:3:   dummy_spider_entry
Lair:4:   minmay_swamp_entry_eels, special_room, infiniplex_staircase_pool
Lair:5:   slime_altar_1, lemuel_old_faithful
Lair:6:   minmay_lair_end_enchanted_forest
Orc:1:    trog_book, uniq_erica, uniq_erolcha
Orc:2:    grunt_orc_cross, lightli_orcish_oven
Elf:1:    serial_sigils, serial_sigils_hangedman_scratch,
          serial_sigils_hangedman_stare, serial_sigils_hangedman_snap,
          serial_sigils_hangedman_writhe, serial_sigils_hangedman_gut,
          serial_shops, nicolae_shop_behind_doors, minmay_elf_sorcery,
          uniq_roxanne
Volcano:  volcano_lake

Skill      XL: |  1  2  3  4  5  6  7  8  9 10 11 12 13 14 15 |
---------------+----------------------------------------------+-----
Axes           | 4 5 6 8 10 11 13 14 15 17 | 17.9
Dodging        | 2 3 5 6 7 8 9 10 11 12 | 12.0
Shields        | 4 5 6 8 9 10 11 13 | 13.5
Fighting       | 4 5 6 7 9 10 11 12 13 | 13.5
Armour         | 4 5 6 8 9 10 11 13 | 13.6
Invocations    | 3 4 6 7 |  7.5

Action                   |  1- 3 |  4- 6 |  7- 9 | 10-12 | 13-15 || total
-------------------------+-------+-------+-------+-------+-------++-------
Melee: War axe           |    60 |   111 |   368 |   227 |       ||   766
       Headbutt          |     7 |    20 |    64 |   119 |   226 ||   436
       Broad axe         |       |       |       |   289 |  1010 ||  1299
       Flail             |       |       |       |       |    27 ||    27
Invok: Heroism           |       |       |       |     1 |     2 ||     3
  Use: Potion            |     2 |     2 |     2 |     5 |     8 ||    19
       Scroll            |       |       |    21 |    10 |     7 ||    38
  Eat: Chunk             |       |     3 |    13 |    17 |    28 ||    61
       Ration            |       |       |       |     1 |     2 ||     3
Armor: Scale mail        |    22 |    38 |    27 |       |       ||    87
       Plate armour      |       |       |    83 |   235 |   297 ||   615
Dodge: Dodged            |    30 |    49 |   141 |   244 |   496 ||   960
Block: Shield            |    39 |    64 |   229 |   372 |   687 ||  1391

Table legend:
 A = Non-vault XP
 B = Vault XP
 C = Vault XP percentage of total XP
 D = Non-vault monster count
 E = Vault monster count
 F = Vault count percentage of total count
                 A         B        C        D         E       F
            +---------+---------+-------+---------+---------+-------
      Total |   83553 |   49101 |  37.0 |     551 |     200 |  26.6
            +---------+---------+-------+---------+---------+-------
        D:1 |      37 |       0 |   0.0 |      22 |       0 |   0.0
        D:2 |      37 |     208 |  84.9 |      11 |       1 |   8.3
        D:3 |     161 |     277 |  63.2 |      38 |       1 |   2.6
        D:4 |     406 |     424 |  51.1 |      21 |       3 |  12.5
        D:5 |     983 |       0 |   0.0 |      30 |       0 |   0.0
        D:6 |     646 |     375 |  36.7 |      19 |       8 |  29.6
        D:7 |     964 |     363 |  27.4 |      20 |       7 |  25.9
        D:8 |    1764 |     468 |  21.0 |      22 |       7 |  24.1
        D:9 |    3818 |    1633 |  30.0 |      43 |       8 |  15.7
       D:10 |    1557 |    1130 |  42.1 |      19 |       7 |  26.9
       D:11 |    4553 |       0 |   0.0 |      22 |       0 |   0.0
       D:12 |    6756 |    1810 |  21.1 |      26 |       2 |   7.1
       D:13 |   10142 |    3284 |  24.5 |      42 |       7 |  14.3
       D:14 |    2320 |    4203 |  64.4 |      17 |       4 |  19.0
     Lair:1 |    2841 |    2412 |  45.9 |      17 |       5 |  22.7
     Lair:2 |    1699 |       0 |   0.0 |      10 |       0 |   0.0
     Lair:3 |    5332 |       0 |   0.0 |      22 |       0 |   0.0
     Lair:4 |    6992 |    2562 |  26.8 |      26 |      26 |  50.0
     Lair:5 |    5685 |       0 |   0.0 |      24 |       0 |   0.0
     Lair:6 |    8488 |    8488 |  50.0 |      27 |      48 |  64.0
      Orc:1 |    1508 |    1948 |  56.4 |      23 |       2 |   8.0
      Orc:2 |    3141 |    8035 |  71.9 |      24 |      42 |  63.6
      Elf:1 |   13723 |    8324 |  37.8 |      26 |      14 |  35.0
    Volcano |       0 |    3157 | 100.0 |       0 |       8 | 100.0
            +---------+---------+-------+---------+---------+-------
